Map: Ruiny Serasu

Players

TheDude

  • Race: Protoss Protoss
  • League: Diamond

McMulder

  • Race: Protoss Protoss

Sara

  • Race: Protoss Protoss
  • League: Gold

DragonWizard

  • Race: Protoss Protoss
  • League: Bronze

Ryù

  • Race: Zerg Zerg
  • League: Diamond

KhanLi

  • Race: Zerg Zerg

Gracz

  • Race: Protoss Protoss

Одессит

  • Race: Protoss Protoss

VOD

Have the link to the VOD?

Description

Time

  • Played on: Feb. 28, 2016, 9:37 a.m.
  • Length: 21:16
Show
View Real Time Build Order
Export as new Build Order

TheDude Protoss 

Build Orders: Oracle Opening 

Get SALT Encoding   

  12  0:01  Probe (Chrono Boost)  
  13  0:12  Probe (Chrono Boost)  
  14  0:18  Pylon  
  14  0:23  Probe (Chrono Boost)  
  15  0:36  Probe (Chrono Boost)  
  15  0:38  Gateway  
  16  0:46  Probe (Chrono Boost)  
  16  0:49  Assimilator  
  17  0:53  Assimilator  
  17  0:57  Probe (Chrono Boost)  
  18  1:09  Probe (Chrono Boost)  
  19  1:19  Probe (Chrono Boost)  
  19  1:21  Pylon  
  20  1:30  Probe (Chrono Boost)  
  21  1:34  Cybernetics Core  
  21  1:40  Probe (Chrono Boost)  
  22  1:51  Probe (Chrono Boost)  
  23  1:55  Zealot (Chrono Boost)  
  25  2:02  Probe  
  25  2:05  Warp Gate  
  26  2:14  Stargate  
  26  2:20  Stalker (Chrono Boost)  
  28  2:26  Pylon  
  28  2:34  Mothership Core  
  30  2:57  Nexus  
  30  3:02  Oracle (Chrono Boost)  
  33  3:12  Stalker  
  35  3:30  Probe  
  36  3:40  Gateway  
  36  3:41  Gateway  
  34  3:43  Probe  
  35  3:55  Probe  
  33  4:07  Probe, Void Ray (Chrono Boost)  
  38  4:11  Probe  
  39  4:21  Pylon  
  39  4:22  Probe  
  40  4:27  Probe  
  41  4:34  Probe  
  41  4:37  Probe  
  42  4:39  Stalker x2  
  47  4:48  Stalker  
  47  4:51  Probe  
  47  4:52  Probe  
  49  5:08  Stalker x2  
  49  5:09  Probe  
  49  5:10  Probe  
  55  5:19  Probe  
  55  5:20  Pylon  
  56  5:22  Probe  
  53  5:30  Forge, Probe  
  54  5:36  Stalker  
  54  5:37  Stalker  
  54  5:38  Probe  
  59  5:43  Stalker, Probe  
  60  5:50  Probe  
  60  5:51  Void Ray (Chrono Boost)  
  60  5:53  Probe  
  66  6:02  Assimilator, Probe  
  67  6:04  Stalker  
  67  6:06  Assimilator  
  67  6:09  Photon Cannon  
  69  6:16  Photon Cannon  
  69  6:17  Protoss Ground Weapons Level 1 (Chrono Boost)  
  69  6:22  Photon Cannon  
  69  6:31  Probe  
  70  7:03  Pylon, Nexus  
  70  7:05  Pylon  
  70  7:11  Pylon  
  70  7:15  Pylon  
  70  7:20  Probe  
  70  7:22  Probe, Void Ray (Chrono Boost)  
  76  7:30  Probe  
  76  7:34  Probe  
  76  7:35  Stalker  
  76  7:36  Stalker x2  
  84  7:41  Probe  
  85  7:45  Photon Cannon  
  85  7:46  Probe  
  80  7:52  Probe  
  80  7:58  Probe  
  74  8:02  Probe  
  74  8:05  Void Ray (Chrono Boost)  
  77  8:08  Robotics Facility  
  77  8:10  Probe  
  70  8:13  Stalker  
  70  8:14  Stalker, Probe  
  70  8:15  Probe  
  73  8:22  Mothership Core  
  73  8:26  Stalker, Probe x2  
  77  8:31  Protoss Ground Armor Level 1  
  79  8:37  Sentry  
  79  8:39  Sentry  
  79  8:41  Probe  
  83  8:42  Probe  
  83  8:48  Void Ray (Chrono Boost)  
  89  8:49  Sentry  
  91  8:56  Assimilator, Probe  
  91  8:57  Assimilator, Probe x2  
  91  8:59  Pylon  
  91  9:01  Sentry  
  96  9:03  Sentry  
  96  9:06  Probe  
  99  9:12  Pylon  
  99  9:18  Immortal (Chrono Boost)  
  99  9:19  Robotics Bay  
  99  9:22  Pylon  
  103  9:30  Probe x2  
  103  9:32  Probe  
  103  9:35  Void Ray (Chrono Boost)  
  103  9:36  Stalker  
  112  9:41  Stalker, Probe x2  
  116  9:53  Pylon  
  116  9:55  Gateway  
  116  9:57  Stalker, Probe  
  116  9:58  Probe  
  120  10:00  Stalker  
  120  10:06  Probe  
  122  10:11  Stalker  
  125  10:18  Gateway  
  125  10:22  Gateway  
  125  10:24  Pylon, Probe x2  
  125  10:25  Probe  
  125  10:26  Pylon  
  128  10:35  Stalker x2  
  132  10:45  Stalker  
  134  10:54  Probe  
  133  11:00  Stalker x2  
  131  11:10  Stalker x2  
  109  11:18  Probe  
  109  11:20  Probe  
  99  11:32  Disruptor (Chrono Boost)  
  94  11:33  Void Ray (Chrono Boost)  
  94  11:39  Robotics Facility  
  97  11:42  Pylon  
  97  11:44  Stalker x3  
  97  11:47  Stalker x3  
  105  11:52  Extended Thermal Lance  
  109  11:57  Robotics Facility  
  109  12:03  Disruptor (Chrono Boost)  
  112  12:12  Stalker x6  
  124  12:16  Void Ray (Chrono Boost)  
  128  12:28  Nexus  
  128  12:31  Pylon  
  128  12:36  Twilight Council  
  128  12:38  Forge  
  128  12:40  Stalker x3  
  128  12:41  Stalker  
  128  12:42  Pylon  
  128  12:44  Stalker  
  138  12:49  Disruptor  
  138  12:50  Disruptor  
  144  12:58  Stalker  
  138  13:20  Disruptor  
  138  13:21  Stalker x2  
  138  13:22  Stalker x3  
  138  13:25  Disruptor  
  154  13:40  Void Ray (Chrono Boost)  
  158  13:42  Stalker  
  158  13:47  Stalker  
  158  13:48  Stalker  
  164  13:53  Stalker  
  166  13:57  Stalker  
  166  14:00  Stalker  
  170  14:21  Void Ray (Chrono Boost)  
  170  14:22  Disruptor  
  130  14:39  Stalker  
  130  14:40  Stalker x5  
  116  15:00  Disruptor  
  116  15:06  Assimilator  
  119  15:10  Assimilator  
  119  15:12  Pylon  
  119  15:18  Stalker x3  
  125  15:21  Disruptor  
  125  15:27  Stalker x2  
  132  15:30  Nexus  
  132  15:33  Assimilator  
  132  15:35  Assimilator  
  121  15:38  Pylon  
  121  15:41  Pylon  
  113  15:44  Pylon  
  113  15:45  Pylon  
  99  15:51  Blink  
  99  15:56  Gateway  
  97  15:58  Gateway, Immortal  
  101  16:10  Immortal  
  101  16:11  Immortal  
  109  16:15  Pylon  
  108  16:29  Nexus  
  108  16:30  Void Ray (Chrono Boost)  
  108  16:31  Pylon  
  108  16:32  Assimilator  
  112  16:33  Assimilator  
  112  16:38  Pylon  
  112  16:40  Pylon  
  112  16:51  Immortal  
  112  16:54  Disruptor  
  119  17:13  Mothership Core  
  121  17:23  Photon Cannon  
  121  17:25  Photon Cannon  
  121  17:35  Void Ray (Chrono Boost)  
  130  17:38  Immortal (Chrono Boost), Zealot x6  
  139  17:44  Charge  
  139  17:46  Observer (Chrono Boost)  
  139  17:47  Photon Cannon  
  132  17:52  Observer (Chrono Boost)  
  132  18:00  Stalker x2, Photon Cannon  
  136  18:11  Stalker  
  138  18:14  Stalker  
  138  18:15  Void Ray  
  138  18:17  Stalker  
  146  18:35  Stalker x3  
  146  18:39  Disruptor (Chrono Boost)  
  128  18:47  Zealot x2  
  114  18:56  Stalker  
  114  19:00  Stalker  
  116  19:05  Zealot  
  116  19:06  Zealot  
  116  19:13  Zealot x2  
  104  19:23  Stalker  
  82  19:42  Zealot  
  82  19:43  Zealot  
  76  19:51  Stalker  
  63  20:19  Mothership Core  
Show
View Real Time Build Order
Export as new Build Order

McMulder Protoss 

Build Orders: Phoenix Opening 

Get SALT Encoding   

  12  0:01  Probe (Chrono Boost)  
  13  0:11  Probe (Chrono Boost)  
  14  0:19  Pylon  
  14  0:23  Probe (Chrono Boost)  
  15  0:37  Probe (Chrono Boost)  
  15  0:38  Gateway  
  16  0:48  Assimilator, Probe (Chrono Boost)  
  17  0:57  Assimilator  
  17  0:58  Probe (Chrono Boost)  
  18  1:13  Probe (Chrono Boost)  
  19  1:24  Probe (Chrono Boost)  
  20  1:29  Cybernetics Core  
  20  1:38  Probe (Chrono Boost)  
  21  1:47  Nexus  
  21  1:59  Probe (Chrono Boost)  
  22  2:08  Stargate  
  22  2:09  Probe (Chrono Boost)  
  22  2:23  Pylon  
  22  2:26  Pylon  
  22  2:33  Warp Gate (Chrono Boost)  
  22  2:39  Probe  
  23  2:51  Phoenix (Chrono Boost)  
  25  2:55  Probe  
  26  3:00  Probe  
  27  3:08  Probe  
  28  3:20  Mothership Core  
  28  3:21  Stalker  
  31  3:38  Probe  
  31  3:41  Probe  
  32  3:48  Probe  
  32  3:53  Probe  
  32  3:55  Phoenix (Chrono Boost)  
  36  3:59  Probe  
  36  4:00  Assimilator  
  37  4:04  Assimilator  
  37  4:05  Probe  
  37  4:09  Probe  
  38  4:10  Stalker  
  38  4:17  Phoenix (Chrono Boost)  
  43  4:24  Probe  
  43  4:31  Probe  
  45  4:34  Probe  
  45  4:38  Protoss Air Weapons Level 1, Phoenix (Chrono Boost)  
  48  4:43  Pylon, Probe  
  48  4:45  Probe  
  50  4:55  Probe x2  
  50  4:58  Robotics Facility  
  52  5:02  Robotics Facility  
  52  5:06  Probe  
  53  5:17  Probe  
  54  5:23  Phoenix (Chrono Boost)  
  54  5:25  Probe  
  57  5:34  Stalker  
  55  6:01  Immortal (Chrono Boost)  
  59  6:07  Pylon  
  59  6:09  Pylon  
  59  6:10  Gateway  
  59  6:20  Probe  
  59  6:21  Probe  
  59  6:23  Nexus  
  65  6:25  Immortal (Chrono Boost)  
  65  6:26  Pylon  
  65  6:35  Phoenix (Chrono Boost)  
  67  6:41  Immortal (Chrono Boost)  
  71  6:48  Stalker  
  73  7:02  Immortal (Chrono Boost)  
  73  7:03  Robotics Facility  
  72  7:15  Pylon, Immortal (Chrono Boost)  
  76  7:18  Pylon  
  74  7:36  Immortal (Chrono Boost)  
  78  7:49  Immortal (Chrono Boost)  
  76  8:10  Immortal (Chrono Boost)  
  76  8:12  Stalker x2  
  88  8:25  Immortal (Chrono Boost)  
  88  8:41  Pylon  
  88  8:43  Pylon  
  88  8:45  Pylon  
  88  8:46  Nexus  
  88  8:47  Pylon  
  88  8:49  Gateway  
  88  8:50  Pylon, Probe  
  89  8:56  Twilight Council  
  89  8:59  Forge  
  89  9:00  Forge  
  89  9:02  Probe  
  94  9:04  Warp Prism (Chrono Boost)  
  94  9:08  Immortal (Chrono Boost)  
  96  9:14  Mothership Core  
  70  9:54  Stalker x2  
  74  10:00  Probe  
  74  10:04  Gateway  
  74  10:05  Gateway  
  75  10:09  Gateway  
  75  10:10  Probe  
  75  10:11  Gateway  
  75  10:13  Assimilator  
  76  10:14  Protoss Ground Weapons Level 1, Gateway, Protoss Ground Armor Level 1  
  76  10:17  Immortal (Chrono Boost)  
  76  10:21  Probe  
  84  10:22  Immortal (Chrono Boost)  
  85  10:31  Probe  
  85  10:35  Blink  
  73  11:21  Stalker  
  73  11:22  Stalker x2  
  65  11:26  Stalker x2  
  69  12:02  Stalker x2  
  69  12:03  Stalker x4  
  69  12:04  Stalker  
  69  12:05  Stalker  
  85  12:12  Observer (Chrono Boost)  
  85  12:14  Observer x2 (Chrono Boost)  
  88  12:17  Assimilator  
  88  12:36  Observer x2 (Chrono Boost)  
  72  12:38  Stalker  
  72  12:39  Stalker x5  
  72  12:40  Stalker x2  
  86  12:48  Phoenix  
  84  13:10  Stalker x2  
  84  13:11  Stalker x2  
  90  13:13  Phoenix  
  100  13:57  Immortal x2 (Chrono Boost)  
  104  14:03  Immortal (Chrono Boost)  
  104  14:09  Nexus  
  76  14:39  Immortal x2 (Chrono Boost)  
  76  14:56  Immortal (Chrono Boost)  
  80  15:00  Pylon  
  80  15:02  Pylon  
  80  15:14  Stalker x3  
  80  15:17  Sentry x2  
  81  15:58  Stalker x3  
  81  15:59  Stalker x3  
  93  16:07  Protoss Ground Armor Level 2  
  85  16:18  Stalker x2  
  83  16:22  Probe  
  84  16:32  Probe  
  85  16:47  Pylon, Probe  
  86  16:57  Probe  
  87  17:07  Stalker x5  
  87  17:08  Probe  
  98  17:18  Probe  
  99  17:29  Probe  
  108  17:42  Immortal x2 (Chrono Boost)  
  108  17:43  Assimilator  
  108  17:47  Assimilator  
  108  17:55  Stalker x2  
  108  17:56  Stalker x3  
  117  18:25  Zealot x4  
  117  18:26  Zealot x4  
  133  18:31  Protoss Ground Weapons Level 2  
  133  18:32  Charge (Chrono Boost)  
  118  18:54  Zealot x4  
  118  18:55  Zealot x3  
  122  19:21  Stalker x2  
  122  19:22  Stalker x4  
  88  19:55  Zealot x5  
  88  19:56  Zealot x3  
  104  20:27  Zealot x2  
  104  20:28  Zealot x5  
  116  20:29  Zealot  
  116  20:35  Immortal  
  112  21:04  Zealot  
  112  21:05  Zealot x4  
  112  21:06  Sentry x2  
  112  21:08  Pylon  
Show
View Real Time Build Order
Export as new Build Order

Sara Protoss 

Build Orders:  

Get SALT Encoding   

  12  0:02  Drone  
  13  0:10  Drone  
  14  0:32  Overlord  
  14  0:51  Drone  
  14  0:53  Hatchery  
  14  0:56  Drone  
  15  0:58  Drone  
  16  1:15  Spawning Pool  
  16  1:17  Extractor, Drone  
  15  1:20  Drone  
  16  1:37  Drone x2  
  18  1:52  Drone  
  19  2:01  Zergling x2  
  19  2:03  Queen  
  19  2:06  Overlord  
  22  2:10  Zergling x2  
  23  2:17  Drone  
  23  2:21  Zergling x2  
  25  2:25  Metabolic Boost  
  25  2:29  Zergling x2  
  26  2:31  Zergling x2  
  26  2:35  Queen  
  29  2:39  Zergling x2  
  29  2:42  Drone  
  31  2:49  Extractor  
  31  2:50  Drone  
  31  2:53  Drone  
  31  3:16  Drone  
  31  3:17  Drone x3  
  31  3:18  Zergling x2  
  31  3:19  Overlord x2  
  36  3:26  Spore Crawler  
  35  3:31  Drone x2, Spore Crawler  
  36  3:44  Roach Warren  
  36  3:48  Drone  
  36  3:50  Zergling x2  
  36  3:52  Drone  
  39  3:55  Drone  
  39  3:59  Drone  
  39  4:01  Drone  
  41  4:04  Drone  
  41  4:07  Drone  
  43  4:10  Drone  
  43  4:15  Drone x2  
  46  4:25  Roach x2  
  46  4:27  Roach  
  52  4:32  Overlord  
  52  4:36  Extractor, Overlord  
  51  4:41  Lair  
  51  4:43  Drone  
  52  4:47  Overlord  
  52  4:59  Drone x3  
  55  5:01  Drone x2  
  57  5:13  Drone  
  58  5:16  Hatchery  
  58  5:19  Roach x2  
  58  5:20  Roach  
  63  5:23  Drone x2  
  63  5:28  Drone  
  66  5:31  Extractor  
  66  5:32  Drone  
  66  5:44  Hydralisk Den  
  66  5:47  Evolution Chamber  
  64  5:50  Drone x3  
  64  5:51  Evolution Chamber  
  64  5:54  Roach x2  
  64  5:55  Roach  
  64  5:56  Roach x2  
  76  6:16  Zerg Missile Weapons Level 1  
  76  6:17  Zerg Ground Armor Level 1  
  76  6:20  Overlord  
  76  6:21  Overlord  
  76  6:29  Overlord  
  76  6:30  Overlord  
  76  6:31  Overlord  
  76  6:37  Muscular Augments  
  76  6:38  Drone  
  76  6:39  Queen  
  79  6:40  Drone  
  79  6:43  Drone x2  
  79  6:46  Drone  
  83  6:51  Hydralisk x2  
  87  6:55  Drone  
  87  6:59  Hydralisk  
  87  7:00  Hydralisk  
  93  7:08  Drone  
  93  7:11  Hydralisk x3  
  99  7:17  Hydralisk x2  
  103  7:22  Hydralisk  
  103  7:27  Drone x2  
  107  7:31  Extractor  
  107  7:35  Hydralisk x3  
  112  7:42  Drone  
  109  7:47  Hydralisk  
  109  7:48  Extractor  
  107  7:51  Drone  
  107  7:57  Hydralisk x4  
  111  8:01  Hydralisk x2  
  111  8:02  Hydralisk  
  91  8:14  Drone  
  91  8:17  Drone x2  
  91  8:19  Drone  
  95  8:22  Hydralisk x3  
  95  8:24  Zerg Missile Weapons Level 2  
  101  8:31  Zergling x10  
  106  8:34  Zergling x2  
  106  8:38  Drone x3  
  110  8:47  Drone  
  111  8:52  Hatchery  
  111  8:55  Zerg Ground Armor Level 2  
  110  9:00  Drone  
  111  9:04  Hydralisk  
  111  9:05  Roach x3, Hydralisk  
  111  9:06  Zergling x2  
  111  9:07  Overlord  
  122  9:10  Overlord  
  122  9:13  Overlord  
  122  9:22  Spire  
  121  9:27  Hydralisk x3  
  121  9:30  Zergling x6  
  121  9:43  Hydralisk x2  
  121  9:45  Hydralisk x3  
  117  9:47  Hydralisk  
  125  9:55  Extractor  
  125  9:59  Extractor  
  123  10:02  Drone x4  
  123  10:03  Drone x3  
  123  10:05  Drone  
  123  10:06  Queen  
  133  10:14  Hydralisk x4  
  133  10:19  Drone  
  142  10:26  Hydralisk x2  
  146  10:31  Hydralisk x3  
  152  10:36  Overlord x2  
  152  10:39  Overlord x2  
  152  10:51  Drone x2  
  152  10:57  Hydralisk x3  
  152  11:01  Mutalisk x4  
  152  11:02  Mutalisk  
  157  11:07  Zerg Flyer Weapons Level 1  
  157  11:09  Mutalisk x3  
  130  11:23  Drone x3  
  121  11:34  Hydralisk x2  
  121  11:35  Hydralisk x2  
  115  11:49  Hydralisk  
  115  11:50  Hydralisk x3  
  119  12:04  Mutalisk  
  119  12:05  Mutalisk  
  119  12:06  Queen  
  119  12:07  Mutalisk  
  127  12:13  Drone x3  
  130  12:16  Drone  
  130  12:17  Drone  
  130  12:18  Mutalisk  
  130  12:21  Mutalisk x6  
  118  12:42  Hydralisk x2  
  118  12:43  Hydralisk x4  
  103  12:44  Hydralisk  
  103  12:45  Hydralisk x2  
  103  12:49  Hydralisk x3  
  103  12:50  Mutalisk, Hydralisk x2  
  114  12:54  Mutalisk  
  96  13:02  Mutalisk  
  92  13:26  Drone  
  92  13:27  Mutalisk x2  
  93  13:37  Roach x3  
  93  13:39  Roach x3  
  93  13:44  Roach x5  
  93  13:45  Roach  
  85  13:49  Hydralisk  
  84  14:01  Hydralisk x2  
  75  14:06  Hydralisk x2  
  56  14:19  Hydralisk x2  
  48  14:28  Mutalisk x2  
  52  14:33  Hatchery  
  52  14:37  Hydralisk  
  49  14:51  Hydralisk x2  
  49  14:52  Hatchery  
  52  15:02  Hydralisk  
  52  15:03  Hydralisk  
  56  15:21  Hydralisk x3  
  62  15:44  Hydralisk  
  62  15:45  Hydralisk x3  
  70  15:52  Drone  
  67  16:23  Mutalisk  
  68  16:27  Hydralisk x2  
  68  16:28  Hydralisk  
  72  16:53  Hatchery  
  71  16:56  Hydralisk x3  
  71  16:58  Drone  
  71  17:01  Drone  
  79  17:02  Drone  
  79  17:06  Extractor  
  79  17:09  Drone x2  
  79  17:10  Drone x5  
  79  17:15  Extractor  
  85  17:33  Zergling x12  
  91  17:39  Hydralisk x3  
  97  17:49  Hydralisk x3  
  103  17:57  Drone  
  104  18:16  Drone x2  
  106  18:20  Drone  
  106  18:21  Drone  
  106  18:24  Drone  
  106  18:25  Drone x5  
  114  18:33  Drone x2  
  116  18:37  Extractor  
  115  18:51  Hydralisk x2  
  115  18:52  Hydralisk x3  
  115  18:54  Drone x2  
  127  19:09  Infestation Pit  
  106  19:28  Drone x2  
  106  19:29  Drone  
  65  19:43  Hydralisk x3  
  65  19:44  Hydralisk  
  63  19:51  Overseer x2  
  63  19:52  Hydralisk x4  
  63  19:53  Hydralisk x2  
  63  19:54  Hydralisk  
  63  19:55  Hydralisk  
  79  20:31  Hydralisk x3  
  79  20:34  Hydralisk x4  
Show
View Real Time Build Order
Export as new Build Order

DragonWizard Protoss 

Build Orders:  

Get SALT Encoding   

  12  0:02  Probe (Chrono Boost)  
  14  0:14  Probe (Chrono Boost)  
  14  0:20  Pylon  
  14  0:26  Probe (Chrono Boost)  
  15  0:40  Gateway  
  15  0:47  Assimilator  
  15  0:51  Probe (Chrono Boost)  
  16  1:01  Forge  
  16  1:06  Probe (Chrono Boost)  
  17  1:17  Probe (Chrono Boost)  
  18  1:27  Probe (Chrono Boost)  
  18  1:30  Cybernetics Core  
  19  1:40  Pylon  
  19  1:44  Probe (Chrono Boost)  
  20  2:07  Mothership Core (Chrono Boost), Warp Gate  
  22  2:17  Nexus  
  22  2:27  Assimilator  
  22  2:38  Stalker  
  22  2:40  Pylon  
  22  2:42  Probe (Chrono Boost)  
  25  2:53  Probe (Chrono Boost)  
  26  2:59  Pylon  
  26  3:12  Probe (Chrono Boost)  
  27  3:14  Photon Cannon  
  27  3:22  Photon Cannon  
  27  3:29  Pylon  
  27  3:33  Twilight Council  
  27  3:42  Sentry, Probe x2 (Chrono Boost)  
  31  3:58  Photon Cannon  
  31  3:59  Probe (Chrono Boost)  
  32  4:05  Probe (Chrono Boost)  
  32  4:09  Blink  
  33  4:11  Pylon  
  33  4:31  Pylon  
  33  4:37  Probe (Chrono Boost)  
  34  4:39  Photon Cannon  
  34  4:43  Probe (Chrono Boost)  
  35  4:49  Probe (Chrono Boost)  
  35  4:55  Gateway  
  35  4:56  Gateway, Probe (Chrono Boost)  
  35  4:58  Sentry  
  39  5:01  Probe (Chrono Boost)  
  39  5:07  Probe (Chrono Boost)  
  40  5:11  Probe (Chrono Boost)  
  41  5:17  Probe (Chrono Boost)  
  42  5:22  Probe (Chrono Boost)  
  42  5:25  Stalker  
  42  5:28  Probe (Chrono Boost)  
  46  5:29  Gateway  
  46  5:33  Probe (Chrono Boost)  
  47  5:36  Pylon  
  47  5:38  Probe (Chrono Boost)  
  48  5:45  Probe (Chrono Boost)  
  48  5:49  Probe (Chrono Boost)  
  50  5:54  Gateway  
  50  5:56  Gateway  
  51  5:57  Probe (Chrono Boost)  
  51  6:00  Sentry x2  
  51  6:03  Photon Cannon  
  51  6:04  Probe (Chrono Boost)  
  56  6:09  Probe (Chrono Boost)  
  56  6:10  Protoss Ground Weapons Level 1  
  57  6:11  Stalker  
  59  6:28  Sentry  
  59  6:29  Sentry  
  63  6:35  Nexus  
  63  6:40  Stalker  
  63  6:41  Pylon, Probe (Chrono Boost)  
  63  6:43  Pylon  
  66  6:49  Assimilator  
  66  6:54  Assimilator, Stalker x2  
  66  7:01  Probe x2 (Chrono Boost)  
  72  7:06  Stalker  
  72  7:07  Stalker  
  76  7:09  Stalker  
  78  7:21  Robotics Facility  
  78  7:25  Stalker x2  
  78  7:27  Assimilator  
  82  7:30  Assimilator  
  82  7:33  Pylon  
  82  7:39  Pylon  
  82  7:46  Stalker x2  
  80  8:14  Stalker x3  
  86  8:26  Pylon  
  86  8:29  Protoss Ground Weapons Level 2  
  86  8:31  Gateway  
  86  8:32  Gateway  
  86  8:35  Gateway  
  86  8:38  Probe x2 (Chrono Boost)  
  86  8:39  Pylon  
  86  8:40  Probe (Chrono Boost)  
  89  8:42  Pylon  
  89  8:44  Immortal  
  93  8:49  Probe (Chrono Boost)  
  93  8:52  Probe (Chrono Boost)  
  93  8:54  Stalker x3  
  101  9:01  Probe x2 (Chrono Boost)  
  104  9:04  Probe (Chrono Boost)  
  104  9:11  Probe x2 (Chrono Boost)  
  104  9:14  Pylon  
  104  9:16  Probe (Chrono Boost)  
  107  9:19  Robotics Facility  
  107  9:23  Stalker  
  107  9:24  Stalker  
  111  9:42  Observer  
  112  9:54  Pylon  
  112  9:56  Pylon  
  112  9:59  Stalker x3  
  118  10:00  Stalker x2  
  118  10:06  Probe x2 (Chrono Boost)  
  125  10:07  Probe (Chrono Boost)  
  125  10:09  Warp Prism  
  125  10:11  Pylon  
  125  10:13  Pylon  
  127  10:15  Immortal  
  127  10:17  Probe (Chrono Boost)  
  127  10:20  Probe (Chrono Boost)  
  133  10:41  Stalker x3  
  139  10:45  Nexus  
  139  10:46  Pylon  
  139  10:49  Stargate, Pylon  
  139  10:54  Templar Archives  
  127  11:16  Stalker x3  
  117  11:20  Stalker x2  
  117  11:21  Stalker  
  117  11:25  Stalker x3  
  111  11:33  Protoss Ground Weapons Level 3  
  107  11:40  Stalker x3  
  107  11:52  Immortal  
  105  11:59  Stalker  
  105  12:00  Stalker x3  
  111  12:11  High Templar x3  
  111  12:12  Pylon, High Templar  
  119  12:16  Archon x2  
  119  12:20  Immortal  
  123  12:28  Stalker x2  
  123  12:29  Stalker x2  
  131  12:31  Immortal  
  131  12:33  High Templar  
  131  12:44  High Templar  
  131  12:51  Photon Cannon  
  133  12:52  Stalker x2  
  133  12:53  Photon Cannon  
  133  12:55  Psionic Storm  
  133  12:56  Gateway x2  
  137  13:00  Photon Cannon  
  137  13:06  High Templar x2  
  137  13:18  Immortal  
  141  13:20  Immortal  
  141  13:26  Adept x2  
  149  13:27  Adept  
  149  13:32  Assimilator  
  149  13:33  Resonating Glaives  
  151  13:36  Mothership Core  
  153  13:45  Stargate  
  143  13:49  Archon  
  143  13:52  Stalker x3  
  149  14:01  Pylon  
  149  14:04  Pylon  
  149  14:13  Immortal  
  127  14:36  Stalker  
  127  14:37  Stalker  
  127  14:38  Stalker x2  
  101  14:39  Stalker x4  
  101  14:40  Stalker  
  95  14:57  Immortal  
  81  15:00  Immortal  
  81  15:03  Dark Shrine  
  81  15:04  Mothership Core  
  81  15:11  Nexus  
  81  15:23  Fleet Beacon  
  81  15:24  Assimilator  
  81  15:39  Stalker x4  
  81  15:40  Stalker  
  81  15:41  Adept  
  81  15:42  Zealot x3  
  97  15:43  Zealot  
  96  15:59  Stalker  
  96  16:03  Stalker x3  
  110  16:19  Nexus  
  110  16:27  Dark Templar  
  110  16:28  Protoss Ground Armor Level 1  
  112  16:38  Dark Templar  
  112  16:39  Charge  
  114  16:42  Pylon  
  114  16:45  Pylon, Zealot x5  
  124  17:03  Dark Templar  
  124  17:05  Dark Templar  
  128  17:22  Assimilator  
  128  17:27  Assimilator  
  128  17:38  Pylon  
  128  17:43  Pylon  
  132  17:44  Immortal x2  
  132  17:50  Stalker x3  
  142  18:07  Pylon  
  142  18:10  Pylon  
  142  18:18  Immortal  
  142  18:23  Immortal  
  150  18:35  Photon Cannon  
  150  18:36  Protoss Ground Armor Level 2  
  150  18:37  Photon Cannon  
  130  18:47  Stalker x4  
  130  18:48  Stalker  
  124  19:15  High Templar  
  124  19:16  High Templar x4  
  132  19:20  Archon x2  
  108  19:34  Stalker x3  
  108  19:35  Stalker x2  
  106  19:52  Stalker x6  
  110  19:57  Nexus  
  110  20:09  Stalker x2  
  110  20:10  Stalker  
  116  20:22  High Templar x3  
  116  20:23  High Templar  
  124  20:30  Archon x2  
  124  20:34  High Templar  
  124  20:35  High Templar x2  
  128  20:36  High Templar  
  128  20:41  Archon x2  
  132  20:50  High Templar  
  132  20:51  High Templar  
  132  20:56  Archon  
  136  21:01  Zealot x5  
Show
View Real Time Build Order
Export as new Build Order

Ryù Zerg 

Build Orders:  

Get SALT Encoding   

Show
View Real Time Build Order
Export as new Build Order

KhanLi Zerg 

Build Orders:  

Get SALT Encoding   

Show
View Real Time Build Order
Export as new Build Order

Gracz Protoss 

Build Orders:  

Get SALT Encoding   

Show
View Real Time Build Order
Export as new Build Order

Одессит Protoss 

Build Orders:  

Get SALT Encoding   

Tags
 
Add a new tag
Caveats
  • Supply blocks, unpowered buildings, or Contaminate may cause inaccurate times.
  • Supply counts are checked every 10 seconds.